General information
- name: BNet
- type: Ladder team game (AT/RT)
- host: Battle.net
- saver: GalliaTogata
map: DragonFalls
- players: 8
- length: 46:01
- speed: Fast
- version: 1.26 W3XP
- replay type: Public
» download(306 KB)
Players
team 1 (winner)

»
Bruddamon (
blue | 62 APM | 1275 actions | 20:29)
3 Archmage
2 Summon Water Elemental
1 Brilliance Aura
2 Mountain King
1 Storm Bolt
1 Bash
» actions
| Assign group hotkey | 41 | |
| Basic commands | 74 | |
| Build / train | 62 | |
| Enter build submenu | 28 | |
| Enter hero's abilities submenu | 5 | |
| Give item / drop item | 2 | |
| Remove unit from queue | 2 | |
| Right click | 419 | |
| Select / deselect | 504 | |
| Select group hotkey | 81 | |
| Use ability | 57 | |
1275 total
» units
| Peasant | 18 | |
| Footman | 5 | |
| Mortar Team | 9 | |
32 total
» upgrades
| Lumber Harvesting | 2 | |
| Fragmentation Shards | 1 | |
| Barrage | 1 | |
| Flare | 1 | |
| Gunpowder | 1 | |
| Masonry | 1 | |
| Armor | 1 | |
8 total
» buildings
| Altar of Kings | 1 | |
| Farm | 8 | |
| Barracks | 1 | |
| Scout Tower | 6 | |
| Arcane Tower | 1 | |
| Lumber Mill | 1 | |
| Keep | 2 | |
| Town Hall | 2 | |
| Blacksmith | 1 | |
| Guard Tower | 2 | |
| Workshop | 3 | |
| Castle | 2 | |
| Arcane Vault | 2 | |
| Arcane Sanctum | 1 | |
33 total
» build order
00:07 Altar of Kings
00:20 Farm
00:51 Barracks
01:00 Scout Tower
01:14 Farm
01:37 Arcane Tower
02:02 Farm
02:48 Farm
03:16 Lumber Mill
03:43 Keep
04:44 Scout Tower
05:06 Town Hall
05:17 Blacksmith
06:15 Guard Tower
06:29 Workshop
06:32 Workshop
07:37 Castle
08:05 Farm
10:32 Farm
10:38 Arcane Vault
10:54 Workshop
11:20 Scout Tower
12:17 Town Hall
12:30 Farm
12:51 Scout Tower
12:56 Farm
13:26 Keep
14:17 Scout Tower
14:18 Scout Tower
15:08 Guard Tower
16:12 Castle
17:59 Arcane Sanctum
18:04 Arcane Vault
» items
| Boots of Speed | 1 | |
| Potion of Lesser Invulnerability | 1 | |
| Scroll of Regeneration | 1 | |
| Scroll of Town Portal | 2 | |
| Dust of Appearance | 1 | |
6 total
WEC-Nightshadow (
purple | 65 APM | 1935 actions | 29:55)
6 Mountain King
3 Storm Bolt
2 Bash
1 Avatar
5 Paladin
3 Holy Light
2 Devotion Aura
4 Goblin Tinker
2 Pocket Factory
2 Engineering Upgrade
» actions
| Assign group hotkey | 23 | |
| Basic commands | 34 | |
| Build / train | 121 | |
| Enter build submenu | 37 | |
| Enter hero's abilities submenu | 15 | |
| Remove unit from queue | 5 | |
| Right click | 843 | |
| Select / deselect | 591 | |
| Select group hotkey | 147 | |
| Use ability | 119 | |
1935 total
» units
| Peasant | 25 | |
| Footman | 8 | |
| Knight | 14 | |
| Priest | 7 | |
| Sorceress | 2 | |
56 total
» upgrades
| Masonry | 2 | |
| Plating | 3 | |
| Swords | 3 | |
| Lumber Harvesting | 2 | |
| Priest Training | 2 | |
| Sorceress Training | 2 | |
| Animal War Training | 1 | |
| Magic Sentry | 1 | |
16 total
» buildings
| Farm | 11 | |
| Altar of Kings | 1 | |
| Barracks | 2 | |
| Lumber Mill | 1 | |
| Keep | 1 | |
| Blacksmith | 1 | |
| Arcane Vault | 1 | |
| Town Hall | 2 | |
| Castle | 1 | |
| Arcane Sanctum | 2 | |
| Scout Tower | 14 | |
| Guard Tower | 11 | |
| Workshop | 1 | |
| Arcane Tower | 1 | |
50 total
» build order
00:11 Farm
00:24 Altar of Kings
00:49 Barracks
00:57 Farm
01:28 Lumber Mill
01:39 Farm
03:18 Keep
03:49 Blacksmith
03:52 Arcane Vault
04:27 Town Hall
06:05 Farm
07:05 Castle
07:10 Farm
08:09 Arcane Sanctum
09:56 Barracks
11:18 Farm
11:57 Farm
12:54 Farm
14:11 Arcane Sanctum
15:26 Scout Tower
16:34 Guard Tower
16:39 Scout Tower
17:23 Guard Tower
17:26 Scout Tower
17:30 Scout Tower
18:06 Guard Tower
18:09 Scout Tower
19:41 Guard Tower
19:46 Farm
20:21 Scout Tower
20:24 Scout Tower
21:05 Farm
21:08 Farm
21:10 Guard Tower
21:10 Guard Tower
21:59 Scout Tower
22:00 Guard Tower
22:09 Town Hall
24:10 Scout Tower
24:12 Scout Tower
25:26 Guard Tower
25:30 Scout Tower
25:31 Scout Tower
26:54 Guard Tower
27:14 Scout Tower
27:17 Scout Tower
27:19 Guard Tower
27:45 Guard Tower
27:50 Workshop
27:53 Arcane Tower
» items
| Scroll of Regeneration | 2 | |
| Orb of Fire | 3 | |
| Scroll of Town Portal | 2 | |
| Potion of Healing | 1 | |
8 total
GalliaTogata (
red | 87 APM | 3983 actions | 46:01)
8 Archmage
3 Summon Water Elemental
3 Brilliance Aura
1 Blizzard
1 Mass Teleport
» actions
| Assign group hotkey | 52 | |
| Basic commands | 88 | |
| Build / train | 143 | |
| ESC pressed | 5 | |
| Enter build submenu | 44 | |
| Enter hero's abilities submenu | 10 | |
| Give item / drop item | 18 | |
| Right click | 1752 | |
| Select / deselect | 588 | |
| Select group hotkey | 1128 | |
| Use ability | 155 | |
3983 total
» units
| Peasant | 20 | |
| Footman | 15 | |
| Gryphon Rider | 14 | |
| Goblin Shredder | 3 | |
| Green Dragon | 2 | |
| Dragonhawk Rider | 3 | |
57 total
» upgrades
| Masonry | 4 | |
| Swords | 3 | |
| Armor | 3 | |
| Lumber Harvesting | 2 | |
| Magic Sentry | 1 | |
| Storm Hammers | 1 | |
| Animal War Training | 1 | |
| Cloud | 1 | |
16 total
» buildings
| Altar of Kings | 1 | |
| Farm | 17 | |
| Barracks | 1 | |
| Scout Tower | 10 | |
| Arcane Tower | 3 | |
| Lumber Mill | 1 | |
| Town Hall | 3 | |
| Arcane Vault | 2 | |
| Guard Tower | 4 | |
| Blacksmith | 1 | |
| Keep | 2 | |
| Castle | 1 | |
| Gryphon Aviary | 4 | |
| Arcane Sanctum | 1 | |
51 total
» build order
00:03 Altar of Kings
00:08 Farm
00:23 Barracks
00:44 Farm
01:37 Scout Tower
01:42 Farm
02:05 Arcane Tower
02:05 Arcane Tower
03:14 Lumber Mill
03:38 Town Hall
03:40 Scout Tower
03:41 Scout Tower
04:17 Arcane Vault
04:39 Guard Tower
05:03 Blacksmith
06:01 Keep
06:06 Scout Tower
06:09 Scout Tower
06:13 Scout Tower
06:40 Guard Tower
06:50 Farm
08:23 Castle
08:33 Gryphon Aviary
08:46 Gryphon Aviary
09:07 Scout Tower
09:08 Scout Tower
09:38 Guard Tower
10:11 Arcane Sanctum
11:34 Scout Tower
12:04 Guard Tower
15:27 Farm
15:34 Farm
15:38 Farm
17:29 Farm
17:30 Farm
17:33 Farm
17:35 Farm
17:58 Gryphon Aviary
17:59 Gryphon Aviary
27:22 Town Hall
27:54 Arcane Vault
31:10 Keep
39:52 Farm
39:53 Farm
39:55 Farm
39:58 Farm
40:00 Farm
40:02 Farm
41:35 Scout Tower
43:08 Town Hall
» items
| Staff of Teleportation | 1 | |
| Periapt of Vitality | 2 | |
| Scroll of Regeneration | 21 | |
| Scroll of Town Portal | 3 | |
| Potion of Lesser Invulnerability | 2 | |
| Boots of Speed | 1 | |
| Tome of Retraining | 1 | |
| Mechanical Critter | 3 | |
| Scroll of Healing | 4 | |
| Potion of Healing | 1 | |
39 total

»
JakeDog4 (
yellow | 49 APM | 1600 actions | 32:25)
8 Death Knight
3 Death Coil
3 Unholy Aura
1 Animate Dead
1 Death Pact
» actions
| Assign group hotkey | 21 | |
| Basic commands | 34 | |
| Build / train | 62 | |
| Enter build submenu | 13 | |
| Enter hero's abilities submenu | 8 | |
| Give item / drop item | 1 | |
| Right click | 1050 | |
| Select / deselect | 275 | |
| Select group hotkey | 70 | |
| Use ability | 66 | |
1600 total
» units
| Acolyte | 3 | |
| Ghoul | 6 | |
| Crypt Fiend | 4 | |
| Banshee | 6 | |
| Frost Wyrm | 7 | |
26 total
» upgrades
| Creature Attack | 3 | |
| Creature Carapace | 3 | |
| Web | 1 | |
| Banshee Training | 2 | |
| Freezing Breath | 1 | |
10 total
» buildings
| Altar of Darkness | 1 | |
| Ziggurat | 6 | |
| Crypt | 1 | |
| Graveyard | 1 | |
| Nerubian Tower | 1 | |
| Tomb of Relics | 1 | |
| Halls of the Dead | 1 | |
| Spirit Tower | 2 | |
| Temple of the Damned | 1 | |
| Black Citadel | 1 | |
| Sacrificial Pit | 1 | |
| Boneyard | 1 | |
18 total
» build order
00:09 Altar of Darkness
00:11 Ziggurat
00:34 Crypt
01:05 Graveyard
01:19 Nerubian Tower
01:25 Ziggurat
02:14 Tomb of Relics
02:57 Ziggurat
04:12 Halls of the Dead
05:48 Spirit Tower
05:52 Ziggurat
07:15 Spirit Tower
07:18 Temple of the Damned
07:20 Black Citadel
07:25 Sacrificial Pit
08:18 Ziggurat
10:03 Boneyard
14:45 Ziggurat
» items
| Rod of Necromancy | 1 | |
| Dust of Appearance | 4 | |
| Scroll of Town Portal | 4 | |
| Potion of Healing | 2 | |
| Orb of Corruption | 1 | |
12 total
team 2 (loser)
Lm]Lepedeath (
pink | 54 APM | 1715 actions | 31:58)
4 Archmage
3 Blizzard
1 Brilliance Aura
» actions
| Assign group hotkey | 64 | |
| Basic commands | 127 | |
| Build / train | 78 | |
| Enter build submenu | 19 | |
| Enter hero's abilities submenu | 5 | |
| Remove unit from queue | 4 | |
| Right click | 418 | |
| Select / deselect | 284 | |
| Select group hotkey | 639 | |
| Use ability | 77 | |
1715 total
» units
| Peasant | 13 | |
| Mortar Team | 9 | |
| Sorceress | 7 | |
| Siege Engine | 12 | |
41 total
» upgrades
| Masonry | 2 | |
| Gunpowder | 3 | |
| Lumber Harvesting | 1 | |
| Sorceress Training | 2 | |
| Magic Sentry | 1 | |
| Fragmentation Shards | 1 | |
| Barrage | 1 | |
| Plating | 2 | |
13 total
» buildings
| Lumber Mill | 1 | |
| Farm | 11 | |
| Keep | 2 | |
| Altar of Kings | 1 | |
| Scout Tower | 3 | |
| Blacksmith | 1 | |
| Arcane Tower | 1 | |
| Guard Tower | 1 | |
| Arcane Vault | 1 | |
| Arcane Sanctum | 1 | |
| Workshop | 2 | |
| Castle | 1 | |
26 total
» build order
00:06 Lumber Mill
00:29 Farm
01:51 Farm
02:10 Keep
02:11 Keep
02:15 Altar of Kings
02:23 Scout Tower
02:30 Blacksmith
02:52 Arcane Tower
03:11 Scout Tower
03:39 Guard Tower
03:46 Arcane Vault
03:53 Farm
04:05 Farm
04:06 Farm
04:08 Farm
04:37 Arcane Sanctum
05:08 Workshop
06:56 Workshop
08:13 Farm
09:46 Farm
10:33 Scout Tower
10:43 Castle
13:12 Farm
13:15 Farm
21:40 Farm
» items
| Scroll of Regeneration | 3 | |
| Scroll of Town Portal | 4 | |
| Potion of Healing | 2 | |
9 total

»
KakaenMiPene (
orange | 44 APM | 1913 actions | 43:41)
8 Dreadlord
1 Sleep
3 Vampiric Aura
3 Carrion Swarm
1 Inferno
7 Death Knight
3 Death Coil
3 Unholy Aura
1 Animate Dead
» actions
| Basic commands | 174 | |
| Build / train | 145 | |
| Enter build submenu | 37 | |
| Enter hero's abilities submenu | 15 | |
| Give item / drop item | 1 | |
| Right click | 749 | |
| Select / deselect | 665 | |
| Use ability | 127 | |
1913 total
» units
| Acolyte | 8 | |
| Ghoul | 14 | |
| Goblin Shredder | 1 | |
| Crypt Fiend | 12 | |
| Obsidian Statue | 6 | |
| Frost Wyrm | 22 | |
| Necromancer | 22 | |
| Meatwagon | 2 | |
| Mortar Team | 13 | |
100 total
» upgrades
| Cannibalize | 1 | |
| Web | 1 | |
| Creature Attack | 1 | |
| Creature Carapace | 1 | |
| Freezing Breath | 1 | |
| Skeletal Mastery | 1 | |
| Skeletal Longevity | 1 | |
| Necromancer Training | 2 | |
| Exhume Corpses | 1 | |
10 total
» buildings
| Ziggurat | 10 | |
| Crypt | 2 | |
| Altar of Darkness | 1 | |
| Graveyard | 1 | |
| Halls of the Dead | 1 | |
| Nerubian Tower | 3 | |
| Spirit Tower | 4 | |
| Black Citadel | 1 | |
| Sacrificial Pit | 1 | |
| Slaughterhouse | 1 | |
| Tomb of Relics | 1 | |
| Boneyard | 1 | |
| Temple of the Damned | 1 | |
| Scout Tower | 5 | |
| Guard Tower | 4 | |
37 total
» build order
01:03 Ziggurat
01:05 Ziggurat
01:12 Crypt
01:15 Crypt
01:51 Altar of Darkness
02:37 Ziggurat
03:34 Graveyard
04:01 Halls of the Dead
05:37 Ziggurat
07:02 Ziggurat
07:04 Ziggurat
07:25 Ziggurat
08:42 Nerubian Tower
08:43 Spirit Tower
09:28 Black Citadel
09:32 Sacrificial Pit
09:35 Slaughterhouse
09:45 Ziggurat
10:08 Tomb of Relics
10:18 Nerubian Tower
10:20 Ziggurat
11:15 Spirit Tower
11:54 Boneyard
12:01 Temple of the Damned
23:26 Ziggurat
24:53 Nerubian Tower
25:14 Spirit Tower
27:23 Spirit Tower
38:42 Scout Tower
38:59 Scout Tower
39:12 Guard Tower
39:26 Scout Tower
39:48 Guard Tower
39:50 Scout Tower
40:15 Scout Tower
40:19 Guard Tower
40:31 Guard Tower
» items
| Scroll of Town Portal | 1 | |
| Potion of Healing | 1 | |
| Orb of Corruption | 1 | |
| Orb of Lightning | 2 | |
5 total
LordVoldemort (
teal | 60 APM | 2756 actions | 46:01)
6 Archmage
3 Summon Water Elemental
2 Brilliance Aura
1 Mass Teleport
» actions
| Assign group hotkey | 179 | |
| Basic commands | 309 | |
| Build / train | 115 | |
| Enter build submenu | 71 | |
| Enter hero's abilities submenu | 6 | |
| Give item / drop item | 6 | |
| Remove unit from queue | 1 | |
| Right click | 1151 | |
| Select / deselect | 528 | |
| Select group hotkey | 235 | |
| Use ability | 155 | |
2756 total
» units
| Peasant | 18 | |
| Footman | 2 | |
| Rifleman | 8 | |
| Goblin Shredder | 2 | |
| Dragonhawk Rider | 5 | |
| Gryphon Rider | 12 | |
47 total
» upgrades
| Masonry | 3 | |
| Lumber Harvesting | 2 | |
| Gunpowder | 1 | |
| Long Rifles | 1 | |
| Armor | 3 | |
| Priest Training | 1 | |
| Magic Sentry | 1 | |
| Storm Hammers | 1 | |
| Cloud | 1 | |
| Swords | 3 | |
| Animal War Training | 1 | |
18 total
» buildings
| Altar of Kings | 1 | |
| Barracks | 2 | |
| Farm | 7 | |
| Blacksmith | 1 | |
| Lumber Mill | 4 | |
| Arcane Vault | 1 | |
| Scout Tower | 53 | |
| Guard Tower | 21 | |
| Town Hall | 4 | |
| Keep | 1 | |
| Arcane Sanctum | 3 | |
| Castle | 1 | |
| Gryphon Aviary | 7 | |
106 total
» build order
00:41 Altar of Kings
00:44 Barracks
00:50 Farm
01:05 Farm
01:39 Farm
02:07 Blacksmith
02:29 Lumber Mill
03:24 Arcane Vault
03:55 Scout Tower
03:55 Scout Tower
03:56 Scout Tower
04:00 Scout Tower
04:08 Farm
04:08 Farm
04:12 Farm
04:27 Guard Tower
04:29 Guard Tower
04:50 Guard Tower
06:01 Town Hall
06:06 Keep
07:03 Scout Tower
07:04 Scout Tower
07:05 Scout Tower
07:21 Scout Tower
07:25 Scout Tower
07:41 Barracks
09:45 Arcane Sanctum
09:46 Arcane Sanctum
09:50 Guard Tower
09:59 Arcane Sanctum
10:36 Lumber Mill
11:39 Scout Tower
12:03 Scout Tower
12:33 Scout Tower
12:34 Guard Tower
12:41 Scout Tower
12:43 Scout Tower
12:49 Town Hall
12:50 Guard Tower
13:01 Scout Tower
13:06 Scout Tower
13:09 Scout Tower
13:12 Scout Tower
13:13 Scout Tower
13:16 Guard Tower
13:34 Farm
13:39 Guard Tower
13:54 Guard Tower
14:18 Guard Tower
15:46 Castle
15:53 Lumber Mill
15:55 Guard Tower
15:56 Guard Tower
16:25 Gryphon Aviary
16:26 Gryphon Aviary
16:26 Gryphon Aviary
16:27 Gryphon Aviary
16:36 Scout Tower
16:36 Scout Tower
16:36 Scout Tower
16:37 Scout Tower
16:38 Scout Tower
16:39 Scout Tower
16:39 Scout Tower
16:40 Scout Tower
17:32 Gryphon Aviary
17:35 Gryphon Aviary
17:45 Gryphon Aviary
17:49 Scout Tower
17:49 Scout Tower
17:50 Scout Tower
17:51 Scout Tower
17:51 Scout Tower
17:59 Lumber Mill
20:00 Guard Tower
20:04 Guard Tower
21:41 Town Hall
21:44 Scout Tower
21:45 Scout Tower
21:45 Scout Tower
21:45 Scout Tower
21:47 Scout Tower
21:47 Scout Tower
21:48 Scout Tower
21:48 Scout Tower
21:49 Scout Tower
21:50 Scout Tower
21:51 Scout Tower
22:16 Guard Tower
22:44 Guard Tower
22:46 Guard Tower
22:47 Guard Tower
23:17 Guard Tower
23:58 Scout Tower
23:59 Scout Tower
23:59 Scout Tower
23:59 Scout Tower
24:01 Scout Tower
24:01 Scout Tower
24:02 Scout Tower
24:03 Scout Tower
24:04 Scout Tower
24:08 Town Hall
24:38 Guard Tower
24:41 Guard Tower
26:18 Guard Tower
» items
| Scroll of Regeneration | 6 | |
| Scroll of Town Portal | 4 | |
| Potion of Healing | 2 | |
| Healing Salve | 1 | |
| Boots of Speed | 1 | |
| Periapt of Vitality | 2 | |
| Scroll of Healing | 1 | |
| Potion of Lesser Invulnerability | 1 | |
| Staff of Teleportation | 1 | |
19 total
rockstone (
green | 39 APM | 1801 actions | 46:01)
6 Blademaster
3 Critical Strike
1 Wind Walk
1 Mirror Image
1 Bladestorm
» actions
| Assign group hotkey | 19 | |
| Basic commands | 8 | |
| Build / train | 84 | |
| ESC pressed | 6 | |
| Enter build submenu | 21 | |
| Enter hero's abilities submenu | 6 | |
| Give item / drop item | 1 | |
| Remove unit from queue | 4 | |
| Right click | 819 | |
| Select / deselect | 526 | |
| Select group hotkey | 200 | |
| Use ability | 107 | |
1801 total
» units
| Peon | 5 | |
| Grunt | 5 | |
| Goblin Shredder | 2 | |
| Tauren | 13 | |
| Shaman | 3 | |
28 total
» upgrades
| Melee Weapons | 3 | |
| Pulverize | 1 | |
| Armor | 3 | |
| Shaman Training | 2 | |
| Spiked Barricades | 1 | |
10 total
» buildings
| Altar of Storms | 1 | |
| Orc Burrow | 11 | |
| Voodoo Lounge | 2 | |
| Barracks | 1 | |
| War Mill | 3 | |
| Stronghold | 1 | |
| Fortress | 1 | |
| Great Hall | 1 | |
| Tauren Totem | 2 | |
| Spirit Lodge | 1 | |
24 total
» build order
00:21 Altar of Storms
00:33 Orc Burrow
00:50 Voodoo Lounge
01:04 Barracks
02:02 Orc Burrow
03:07 War Mill
04:49 Stronghold
05:02 Orc Burrow
07:20 Fortress
07:46 Great Hall
09:44 Tauren Totem
10:48 Tauren Totem
13:53 Orc Burrow
13:55 Orc Burrow
13:57 Orc Burrow
15:53 Voodoo Lounge
16:01 Spirit Lodge
17:39 War Mill
26:34 Orc Burrow
26:38 Orc Burrow
26:40 Orc Burrow
26:40 Orc Burrow
26:41 Orc Burrow
28:24 War Mill
» items
| Healing Salve | 5 | |
| Lesser Clarity Potion | 6 | |
| Potion of Healing | 10 | |
| Orb of Lightning | 1 | |
| Scroll of Town Portal | 5 | |
| Scroll of Speed | 4 | |
| Potion of Mana | 2 | |
| Tiny Great Hall | 1 | |
34 total
Chat log
(00:09 / All) LordVoldemort: It's tearin up my heart when I'm with
(00:15 / All) GalliaTogata: Pros oligon esti to zen.
(00:18 / All) LordVoldemort: and when I'm without you I feel it too
(00:23 / All) Lm]Lepedeath: this is a noob shit
(00:25 / All) LordVoldemort: With or without you I feel the pain
(00:26 / All) Lm]Lepedeath: noob sauce
(00:27 / All) LordVoldemort: baby
(00:34 / All) GalliaTogata: To telos ho chronos apaitei.
(00:35 / All) LordVoldemort: IT'S TEARIN UP MY HEARt
(00:45 / All) Lm]Lepedeath: stfu fucking fag
(00:54 / All) JakeDog4: kil lhim pls
(00:55 / All) GalliaTogata: Et tu, puer, deficere
(00:58 / All) JakeDog4: fuckking faggot
(01:01 / Allies) GalliaTogata: Praetorians
(01:10 / All) LordVoldemort: Baby don't misunderstand
(01:14 / All) Lm]Lepedeath: fucking fag nigga piece of shit i go kill him
(01:17 / All) LordVoldemort: what I'm trying to tell ya
(01:31 / All) LordVoldemort: LET IT GO
(01:35 / All) LordVoldemort: IF YOU WANT ME GIRL LET ME KNOW
(01:45 / Allies) Bruddamon: okay im gonna go morts
(01:49 / Allies) Bruddamon: tanks
(01:51 / Allies) GalliaTogata: I get air you guys get ground
(01:56 / Allies) GalliaTogata: tanks suck make something else
(02:01 / Allies) JakeDog4: fiend banshee wyrm
(02:06 / Allies) Bruddamon: ill get tanks
(02:13 / Allies) GalliaTogata: get ground I will make aa
(02:14 / Allies) WEC-Nightshadow: meele/casters
(02:24 / Allies) GalliaTogata: k good
(02:35 / All) GalliaTogata: Victrix causa deis placuit sehd victa Catoni.
(02:46 / All) Lm]Lepedeath: fucking latin and french
(02:52 / All) GalliaTogata: That is Latin
(02:54 / All) GalliaTogata: O tempora O mores
(02:58 / All) Lm]Lepedeath: latin is for fags niggas
(02:59 / All) GalliaTogata: It is the langeuo of Roma
(03:15 / All) Lm]Lepedeath: fucking nigga
(03:17 / All) Lm]Lepedeath: i go fuck you
(03:21 / All) Lm]Lepedeath: i burn you
(05:18 / Allies) WEC-Nightshadow: lemme heal
(05:33 / Allies) WEC-Nightshadow: no mana
(06:47 / Allies) Bruddamon: wood?
(06:56 / Allies) WEC-Nightshadow: stun didnt hit?
(07:03 / Allies) JakeDog4: idk
(07:46 / Allies) WEC-Nightshadow: he has two anks
(07:51 / Allies) WEC-Nightshadow: dont target him
(07:57 / Allies) Bruddamon: i need wood
(07:58 / Allies) Bruddamon: real bad
(08:36 / Allies) JakeDog4: comin
(09:51 / Allies) GalliaTogata: ty
(09:56 / Allies) JakeDog4: ty
(10:39 / Allies) GalliaTogata: let's creep this
(10:41 / Allies) Bruddamon: sec
(10:46 / Allies) Bruddamon: i need boots bad
(11:42 / Allies) GalliaTogata: invisimortar
(11:58 / Allies) Bruddamon: hit them
(12:02 / Allies) GalliaTogata: let's creep to lvl 5
(12:10 / Allies) Bruddamon: no
(12:49 / Allies) WEC-Nightshadow: watch
(13:06 / Allies) Bruddamon: wood?
(13:07 / Allies) GalliaTogata: creep this before the ud
(13:07 / Allies) GalliaTogata: idiot
(13:15 / Allies) Bruddamon: dude i have no TP
(13:17 / Allies) JakeDog4: help then
(13:18 / Allies) Bruddamon: they got my hall
(13:51 / Allies) WEC-Nightshadow: yelolow plz
(13:58 / Allies) JakeDog4: sec
(14:03 / Allies) Bruddamon: wtf
(14:04 / Allies) Bruddamon: you guys doing
(14:16 / Allies) WEC-Nightshadow: u didnt have to tp
(15:05 / Allies) WEC-Nightshadow: stun
(15:12 / Allies) JakeDog4: get reveal for your towers
(15:25 / Allies) Bruddamon: i dont have a hall dude
(15:29 / Allies) Bruddamon: and no wood
(15:47 / Allies) JakeDog4: stop fucking pinging
(15:49 / Allies) GalliaTogata: omw
(15:52 / Allies) Bruddamon: well fucking tp then
(15:55 / Allies) Bruddamon: you guys are just watching
(16:34 / Allies) Bruddamon: forget it
(16:35 / Allies) Bruddamon: hit
(16:41 / Allies) GalliaTogata: buying shit
(17:08 / Allies) JakeDog4: purp
(17:10 / Allies) GalliaTogata: hit here
(17:12 / Allies) JakeDog4: dont chase him dude
(17:13 / Allies) WEC-Nightshadow: kk
(17:15 / Allies) JakeDog4: only need one of us
(17:23 / Allies) Bruddamon: priests
(17:32 / Allies) JakeDog4: get dust someone
(17:33 / Allies) JakeDog4: i ran out
(17:38 / Allies) Bruddamon: got it
(17:43 / Allies) JakeDog4: k
(17:55 / Allies) JakeDog4: fuck you im getting it
(18:15 / Allies) JakeDog4: HERO
(18:20 / Allies) JakeDog4: DUST
(18:30 / All) LordVoldemort: BLUE DOESN'T LIKE ME i THINK
(19:28 / Allies) WEC-Nightshadow: b
(19:31 / Allies) WEC-Nightshadow: b
(19:40 / Allies) JakeDog4: wow you guys are bad
(19:49 / Allies) WEC-Nightshadow: blue
(19:51 / Allies) WEC-Nightshadow: what do u habe?
(19:52 / Allies) WEC-Nightshadow: have?
(19:59 / Allies) Bruddamon: not shit
(20:59 / Allies) WEC-Nightshadow: omw
(22:14 / Allies) JakeDog4: noi
(22:17 / Allies) JakeDog4: dont attack taurne
(22:33 / Allies) WEC-Nightshadow: u got hero
(23:26 / Allies) WEC-Nightshadow: red come
(23:31 / Allies) GalliaTogata: sec
(23:42 / Allies) WEC-Nightshadow: necs
(24:01 / Allies) GalliaTogata: cancel
(26:08 / Allies) WEC-Nightshadow: b
(26:10 / Allies) WEC-Nightshadow: for abit
(26:22 / Allies) WEC-Nightshadow: red where r u
(26:26 / Allies) GalliaTogata: expoing in a sec
(26:43 / Allies) JakeDog4: no money
(26:46 / Allies) JakeDog4: at akk
(26:48 / Allies) JakeDog4: all
(26:57 / Allies) WEC-Nightshadow: fuckin hit expos red
(27:05 / Allies) JakeDog4: why is red sitting?
(27:07 / Allies) GalliaTogata: s
(27:08 / Allies) WEC-Nightshadow: just watch me n yellow fuight
(27:25 / Allies) WEC-Nightshadow: fuck
(28:02 / Allies) WEC-Nightshadow: wow
(28:02 / Allies) WEC-Nightshadow: red
(28:10 / Allies) WEC-Nightshadow: 7k gold and 2k lumber
(28:13 / Allies) WEC-Nightshadow: ur just fucking around
(28:13 / Allies) GalliaTogata: umad
(28:22 / Allies) WEC-Nightshadow: 2v4
(28:29 / Allies) GalliaTogata: lol
(28:34 / Allies) WEC-Nightshadow: knew u were a fake account
(28:37 / Allies) WEC-Nightshadow: just fuckin around
(28:37 / Allies) GalliaTogata: definitely not helping your base now
(28:39 / Allies) GalliaTogata: stop bitching
(28:43 / Allies) WEC-Nightshadow: LOL
(28:53 / All) WEC-Nightshadow: u neve helped in the fight place
(28:58 / All) GalliaTogata: purple is pissed
(29:10 / All) Lm]Lepedeath: leave now latin fag
(29:17 / All) WEC-Nightshadow: he has 7k gold
(29:18 / All) GalliaTogata: you will die soon, mi amice
(29:26 / All) GalliaTogata: You lost, pink. Leave
(31:23 / All) GalliaTogata: i got it with the dragon
(31:25 / All) GalliaTogata: no need to help
(31:26 / All) Lm]Lepedeath: Wtf
(31:31 / All) GalliaTogata: he sucks
(31:36 / All) GalliaTogata: nice hall pink
(32:13 / All) GalliaTogata: You can all leave now
(32:13 / Allies) JakeDog4: can i have a portal red?
(32:17 / Allies) GalliaTogata: no
(32:22 / Allies) JakeDog4: oh ok
(32:35 / All) GalliaTogata: sup
(33:29 / All) GalliaTogata: Yellow left since I killed his DK
(33:37 / All) LordVoldemort: lulz
(33:50 / All) LordVoldemort: Aw
(34:42 / All) GalliaTogata: You aren't getting my AM
(34:45 / All) GalliaTogata: no freebies
(34:57 / All) KakaenMiPene: u are too stupid
(35:02 / All) GalliaTogata: lol
(35:07 / All) GalliaTogata: You lost, you can leave now
(35:18 / All) KakaenMiPene: told u
(35:21 / All) KakaenMiPene: too stupid
(35:31 / All) GalliaTogata: I know about the stabber on your team, buddy
(35:32 / All) GalliaTogata: it's over
(35:48 / All) GalliaTogata: We were in this together all along
(36:19 / All) GalliaTogata: No freebies
(36:49 / All) LordVoldemort: not the best place to tp
(36:54 / All) KakaenMiPene: fu
(36:56 / All) KakaenMiPene: asshole
(37:00 / All) LordVoldemort: tp right to my towers
(37:03 / All) GalliaTogata: You can leave now
(37:04 / All) LordVoldemort: low health dk
(37:06 / All) GalliaTogata: Pedicabo tu cinaede
(37:20 / All) GalliaTogata: Pedicabo tu, pedicabo tu indeed
(38:56 / All) LordVoldemort: nice speed scroll LOL
(41:10 / All) GalliaTogata: GTFO oj. Tu quoque, green, mi puer
(41:28 / All) LordVoldemort: aww
(41:32 / All) LordVoldemort: green has 666 losses
(41:40 / All) GalliaTogata: lol
(41:53 / All) LordVoldemort: 667 now, neighbor of the beast
(41:59 / All) GalliaTogata: I got 99/100 food and two level 10 green dragons
(42:05 / All) KakaenMiPene: lose now idiot
(42:13 / All) GalliaTogata: Leave and it's faster sir
(42:32 / All) GalliaTogata: THIS ARMY ISN'T BIG ENOUGH
(42:57 / All) GalliaTogata: jesus christ
(43:28 / All) LordVoldemort: Yeah
(43:30 / All) GalliaTogata: You can leave now
(43:31 / All) LordVoldemort: That's the point
(43:32 / All) LordVoldemort: to lose...
(43:37 / All) KakaenMiPene: harry potter nerd
(43:44 / All) LordVoldemort: lol
(43:57 / All) GalliaTogata: Such a harry potter nerd
(44:24 / All) GalliaTogata: TRAIN TRAAIIIN COMING ROUND THERE
(44:28 / All) LordVoldemort: finish my base off
(45:43 / All) LordVoldemort: FLY LIKE AN EAGLE
(45:45 / All) LordVoldemort: TO THE SAE